 Dungeon Crawl Stone Soup version 0.30.1-9-gdf580d7c3d (webtiles) character file.

Game seed: 8101130565618483805

171 booth the Digger (level 5, 0/28 HPs)
             Began as a Gargoyle Earth Elementalist on Oct 19, 2023.
             Was a Believer of Wu Jian.
             Killed from afar by Ijyb (8 damage)
             ... with a puff of flame
             ... on level 3 of the Dungeon.
             The game lasted 00:18:45 (2526 turns).

booth the Digger (Gargoyle Earth Elementalist)      Turns: 2526, Time: 00:18:46

Health: 0/28       AC:  8    Str: 11    XL:     5   Next: 51%
Magic:  0/8        EV: 12    Int: 18    God:    Wu Jian [**....]
Gold:   113        SH:  0    Dex: 10    Spells: 2/9 levels left

rFire   . . .        f - +0 dagger
rCold   . . .        (no shield)
rNeg    + . .        a - +1 robe
rPois   ∞            m - +0 helmet
rElec   +            (no cloak)
rCorr   .            (no gloves)
SInv    .            (no boots)
Will    .....        (no amulet)
Stlth   ++           (no ring)
HPRegen 0.24/turn    (no ring)
MPRegen 0.11/turn

%: no passive effects
@: about to teleport
A: sickness immunity, AC +4, negative energy resistance 1, electricity
resistance, torment resistance 1, petrification resistance
a: Renounce Religion, Wall Jump


You were on level 3 of the Dungeon.
You worshipped Wu Jian.
Wu Jian was pleased with you.
You visited 1 branch of the dungeon, and saw 3 of its levels.

You collected 113 gold pieces.

Inventory:

Hand Weapons
 f - a +0 dagger (weapon)
 o - a +0 hand axe
Missiles
 d - a boomerang (quivered)
 r - 4 silver boomerangs
Armour
 a - a +1 robe (worn)
 b - a +0 leather armour
 m - a +0 helmet (worn)
Scrolls
 e - 2 scrolls of blinking {unknown}
 l - a scroll of fog {unknown}
 p - a scroll of silence {unknown}
Potions
 g - a potion of berserk rage
 h - a potion of flight
 i - 2 potions of ambrosia {unknown}
 j - a potion of might {unknown}
 k - 2 potions of curing
 n - a potion of lignification
 q - a potion of heal wounds
 s - a potion of invisibility {unknown}


   Skills:
 + Level 1.0 Armour
 - Level 2.0 Dodging
 + Level 3.2 Stealth
 + Level 2.6 Spellcasting
 + Level 1.8 Transmutations
 * Level 5.2 Earth Magic


You had 2 spell levels left.
You knew the following spells:

 Your Spells              Type           Power      Damage    Failure   Level
a - Sandblast             Erth           42%        2d11      1%          1
b - Passwall              Tmut/Erth      12%        N/A       6%          2
c - Freeze                Ice            8%         1d3       17%         1
d - Stone Arrow           Conj/Erth      22%        3d8       17%         3

Your spell library contained the following spells:

 Spells                   Type           Power      Damage    Failure   Level
 Magic Dart               Conj           8%         1d3       17%         1
 Call Imp                 Summ           4%         N/A       26%         2
 Petrify                  Tmut/Erth      15%        N/A       36%         4
 Frozen Ramparts          Ice            4%         1d1       45%         3
 Hailstorm                Conj/Ice       2%         3d3       45%         3
 Mephitic Cloud           Conj/Pois/Air  2%         N/A       45%         3


Dungeon Overview and Level Annotations

Branches:
Dungeon (3/15)

Altars:
Wu Jian

Annotations:
D:3 Ijyb


Innate Abilities, Weirdness & Mutations

You are immune to sickness and miasma.
Your stone body is resilient. (AC +4)
You are immune to poison.
You resist negative energy. (rN+)
You are resistant to electric shocks. (rElec)
You are resistant to unholy torment.
You are immune to petrification.


Message History

Ijyb closely misses you.
Casting: Freeze (safe; 17% risk of failure)
Confirm with . or Enter, or press ? or * to list all spells.
Aiming: Sandblast (safe; 1% risk of failure)
Press: ? - help, Shift-Dir - straight line, f/p - Ijyb
Aim: Ijyb, wielding a +3 spectral club, wearing a +3 ring mail of poison resistance and carrying a wand of flame (3) (lightly wounded, 81% to hit)
The blast of sand hits Ijyb but does no damage.
Ijyb is lightly wounded.
Ijyb barely misses you.
Casting: Sandblast (safe; 1% risk of failure)
Confirm with . or Enter, or press ? or * to list all spells.
Aiming: Sandblast (safe; 1% risk of failure)
Press: ? - help, Shift-Dir - straight line, f/p - Ijyb
Aim: Ijyb, wielding a +3 spectral club, wearing a +3 ring mail of poison resistance and carrying a wand of flame (3) (lightly wounded, 81% to hit)
The blast of sand hits Ijyb but does no damage.
Ijyb is lightly wounded.
Ijyb hits you with a +3 spectral club. x2
Ijyb zaps a wand.
The puff of flame hits you.
There is an open door here.
Casting: Sandblast (safe; 1% risk of failure)
Confirm with . or Enter, or press ? or * to list all spells.
Aiming: Sandblast (safe; 1% risk of failure)
Press: ? - help, Shift-Dir - straight line, f/p - Ijyb
Aim: Ijyb, wielding a +3 spectral club, wearing a +3 ring mail of poison resistance and carrying a wand of flame (2) (lightly wounded, 81% to hit)
The blast of sand hits Ijyb.
Ijyb is lightly wounded.
Ijyb zaps a wand.
The puff of flame hits you.
* * * LOW HITPOINT WARNING * * *
You don't have enough magic to cast this spell.
Unknown command.
Throw: boomerang
Press: ? - help, Q - select action, (/) - cycle Shift-Dir - straight line, f/p - Ijyb
Aim: Ijyb, wielding a +3 spectral club, wearing a +3 ring mail of poison resistance and carrying a wand of flame (1) (lightly wounded, 50% to hit)
You throw a boomerang. The boomerang completely misses Ijyb.
Ijyb barely misses you.
The +3 spectral club hits you but does no damage.
A +3 spectral club comes into view.
As you read the scroll of teleportation, it crumbles to dust.
You feel strangely unstable.
Ijyb zaps a wand.
The puff of flame hits you!
You die...

.. #.## #....... .. #..#
#....... ##.#### ######..
## #....#### ##. ...
#######....# ## ....
#(.........##.### .....
#...............#
......#####...[.....##.##.#
.....†'...g@........+ ...
......#####.........# .##
..... #...........# .. )...
#...........# .. ...
#...........# ... ..
#....######## . #....#
#....# #....#


You could see a +3 spectral club and Ijyb.

Vanquished Creatures
  2 orc priests (D:3)
  An adder (D:2)
  3 gnolls (D:2)
  2 worms
  2 dart slugs (D:2)
  4 orcs (D:3)
  7 ball pythons
  8 bats
  5 endoplasms
  3 giant cockroaches
  2 goblins
  6 hobgoblins
  6 kobolds
  2 frilled lizards (D:2)
  7 rats
60 creatures vanquished.

Notes
Turn   | Place    | Note
-------+----------+-------------------------------------------
     0 | D:1      | booth the Gargoyle Earth Elementalist began the quest for
                  | the Orb.
     0 | D:1      | Reached XP level 1. HP: 10/10 MP: 3/3
   127 | D:1      | Reached XP level 2. HP: 15/15 MP: 3/5
   210 | D:1      | Reached skill level 1 in Transmutations
   256 | D:1      | Reached skill level 4 in Earth Magic
   621 | D:1      | Found a faded altar of an unknown god.
   624 | D:1      | Prayed at the altar of an unknown god.
   624 | D:1      | Became a worshipper of the Wu Jian Council
   624 | D:1      | Reached * piety under Wu Jian
   752 | D:1      | Reached XP level 3. HP: 19/19 MP: 4/6
   774 | D:1      | Learned a level 2 spell: Passwall
  1121 | D:2      | Reached XP level 4. HP: 19/24 MP: 3/7
  1333 | D:2      | Learned a level 1 spell: Freeze
  1788 | D:2      | Reached ** piety under Wu Jian
  2079 | D:3      | Learned a level 3 spell: Stone Arrow
  2097 | D:3      | Reached skill level 5 in Earth Magic
  2097 | D:3      | Reached XP level 5. HP: 28/28 MP: 4/8
  2118 | D:3      | Reached skill level 1 in Armour
  2513 | D:3      | Noticed Ijyb
  2526 | D:3      | Killed from afar by Ijyb

Illustrated notes

Levels and vault maps discovered:
D:1:      ncdulo_lavacross, layout_loops_ring,
          hellmonk_ecumenical_altar_defaced_shrine, grunt_decor_mini_mirrors
D:2:      layout_loops_cross
D:3:      layout_basic, nicolae_underground_beach, uniq_ijyb

Skill      XL: |  1  2  3  4  5 |
---------------+----------------+-----
Transmutations | 1 |  1.8
Earth Magic    | 4 5 |  5.2
Dodging        | 2 |  2.0
Stealth        | 3 |  3.2
Armour         | 1 |  1.0
Spellcasting   | |  2.6

Action                     |  1- 3 |  4- 6 || total
---------------------------+-------+-------++-------
  Melee: Dagger            |    15 |    58 ||    73
  Throw: Boomerang         |       |     1 ||     1
   Cast: Sandblast         |    30 |    40 ||    70
         Stone Arrow       |       |     2 ||     2
         Freeze            |       |     1 ||     1
Ability: Whirlwind         |     1 |    21 ||    22
         Lunge             |       |     7 ||     7
    Use: Scroll            |     3 |     2 ||     5
         Potion            |     3 |     2 ||     5
   Stab: Sleeping          |       |     1 ||     1
 Armour: Robe              |     6 |    26 ||    32
  Dodge: Dodged            |    12 |    47 ||    59
